Unix NetHack Version 5.0.0-0 post-release - last build Jun 10 2026 00:39:30 (3ee93aec679c4c4259841fe613dc97188e26a321,branch:main).

Game began 2026-06-12 18:23:22, ended 2026-06-13 06:54:39.

Doran, lawful male human Samurai

              ---------------
 --------     |.............|
 |......|     |..............#                                 ------
 |.......#    |.............|#        ----------               |.<..|
 |...[..|#####...............######   |........|               |....|
 ----|---#    ---------------#    ####..........#             #..[..|
   ###                             #) |.[......|#          ####|....|
   #                               ###|........|#          #   ------
   #                               #  ----------#####      #
   #                             # [                ##   ###
 --.---                         ##[)#                ##  #
 |....|                          #                  #########
 |....|                          #                   ###----.----------
 |.....######                    #    --------      ## #..............|
 |.`..|     #                    #    |......|   ####   |..$........u.|
 ------     #####@_###########   #####.......|####      |.............|
                                      |.......#         ---------------
                                      --------

Doran the Ninja        St:14 Dx:16 Co:18 In:10 Wi:8 Ch:8  Lawful S:8642
Dlvl:7 $:920 HP:0(65) Pw:26(26) AC:0 Xp:7 FoodPois Fainted Burdened Deaf T:8618

Latest messages:
 You start digging.
 You hit the rock with all your might.
 You succeed in cutting away some rock.
 You start digging.
 You hit the rock with all your might.
 You succeed in cutting away some rock.
 You faint from lack of food.
 You regain consciousness.
 You start digging.
 You hit the rock with all your might.
 You stop digging.
 You faint from lack of food.
 You regain consciousness.
 You continue digging.
 You hit the rock with all your might.
 You can hear again.
 You stop digging.
 You stop.  Hachi is in the way!
 You faint from lack of food.
 You regain consciousness.
 You see here a heavy iron ball (chained to you).
 You stop.  Hachi is in the way!
 You stop.  Hachi is in the way!
 You stop.  Hachi is in the way!
 You see here a giant beetle corpse.
 It misses the yellow light.
 Hachi misses the yellow light.
 You faint from lack of food.
 You regain consciousness.
 There is a giant beetle corpse here; eat it? [ynq] (n) y
 Ulch - that meat was tainted!
 You feel deathly sick.
 (It must have died too long ago to be safe to eat.)
 It misses the yellow light.
 Are you sure you want to pray? [yn] (n) y
 You begin praying to Amaterasu Omikami.
 You finish your prayer.
 The voice of Amaterasu Omikami booms: 
 "Thou art arrogant, mortal."
 "Thou must relearn thy lessons!"
 You feel foolish!
 Sayonara level 8.
 You stop.  Hachi is in the way!
 Your sickness feels worse.
 Your sickness is severe.
 You stop.  Hachi is in the way!
 You are at Death's door.
 You faint from lack of food.
 You die from your illness.
 Do you want your possessions identified? [ynq] (y) q

Inventory:
 Coins    ('$')
  $ - 920 gold pieces
 Weapons  (')')
  C - 51 +0 arrows
  d - 26 blessed +0 ya (in quiver)
  c - a +0 yumi (alternate weapon; not wielded)
  a - a +0 katana
  b - a +0 wakizashi
 Armor    ('[')
  s - an uncursed +0 orcish helm (being worn)
  R - an uncursed +0 cloak of protection
  T - an uncursed +0 mummy wrapping
  L - an uncursed +0 T-shirt with text "Mind flayers suck" (being worn)
  e - a blessed rustproof +3 splint mail (being worn)
 Comestibles  ('%')
  Q - an uncursed lizard corpse
 Scrolls  ('?')
  w - an uncursed scroll of create monster
  v - a blessed scroll of punishment
 Spellbooks  ('+')
  A - an uncursed spellbook of detect monsters
  m - an uncursed spellbook of dig
 Potions  ('!')
  g - a cursed potion of healing
  x - an uncursed potion of levitation
  i - an uncursed potion of object detection
  y - an uncursed potion of paralysis
  k - an uncursed potion of sake
  Z - a blessed potion of speed
  n - an uncursed potion of water
 Wands    ('/')
  t - a wand of magic missile (0:8)
  M - a wand of magic missile (0:5)
  F - a wand of make invisible (0:3)
  z - a wand of polymorph (0:5)
  o - a wand of polymorph (0:2)
  N - a wand of sleep (0:1)
  W - a wand of teleportation (0:5)
  j - a wand of teleportation (0:3)
 Tools    ('(')
  f - an uncursed blindfold
  J - an uncursed blindfold
  E - an uncursed magic whistle
  G - an uncursed pair of lenses
  u - a +0 pick-axe (weapon in right hand)
  I - an uncursed tallow candle
 Gems/Stones  ('*')
  l - an uncursed topaz stone
  q - an uncursed worthless piece of yellow glass

Doran the Samurai's attributes:

Background:
 You were a Ninja, a level 7 male human Samurai.
 You were lawful, on a mission for Amaterasu Omikami
 who was opposed by Raijin (neutral) and Susanowo (chaotic).
 You were right-handed.
 You were in the Dungeons of Doom, on level 7.
 You entered the dungeon 8618 turns ago.
 You had 1279 experience points, 1 more was needed to attain level 8.
 Your score was 8642 before end-of-game adjustments.

Basics:
 You had 0 out of 65 hit points.
 You had all 26 energy points (spell power).
 Your armor class was 0.
 Your wallet contained 920 zorkmids.
 Autopickup was on for '$"?/=+!*' plus thrown, with exceptions.

Final Characteristics:
 Your strength was 14 (base:15, peak:16, limit:18/100).
 Your dexterity was 16 (limit:18).
 Your constitution was 18 (limit:18).
 Your intelligence was 10 (limit:18).
 Your wisdom was 8 (peak:9, limit:18).
 Your charisma was 8 (limit:18).

Final Status:
 You died from food poisoning.
 You were deaf.
 You were chained to a heavy iron ball.
 You were fainted due to starvation.
 You were burdened; movement was slightly slowed.
 You were wielding a pick-axe.
 You had no skill with pick-axe.

Final Attributes:
 You were piously aligned.
 You were poison resistant.
 You were telepathic.
 You were warded.
 You were fast.
 You were unlucky.
 Amaterasu Omikami was angry with you.
 You are dead.

Miscellaneous:
 You didn't encounter any bones levels.
 Total elapsed playing time was 1 hour, 25 minutes and 8 seconds.

Major events:
 Turn
    1: Doran the lawful male human Samurai entered the dungeon
 1356: attained the rank of Ronin (level 3)
 1476: entered the Gnomish Mines
 3361: attained the rank of Ninja (level 6)
 4038: reached Mine Town
 8618: poisoned by a rotted giant beetle corpse, while fainted from lack of food

You didn't know any spells.

Skills:
 Fighting Skills
   martial arts      [Basic]
   two weapon combat [Unskilled]
   riding            [Unskilled]
 Weapon Skills
   dagger            [Unskilled]
   knife             [Unskilled]
   short sword       [Basic]
   broadsword        [Unskilled]
   long sword        [Expert]
   two-handed sword  [Unskilled]
   saber             [Unskilled]
   flail             [Unskilled]
   quarterstaff      [Unskilled]
   polearms          [Unskilled]
   spear             [Unskilled]
   lance             [Unskilled]
   bow               [Basic]
   shuriken          [Unskilled]
 Spellcasting Skills
   attack spells     [Unskilled]
   divination spells [Unskilled]
   clerical spells   [Unskilled]

Voluntary challenges:
 Character rerolling was not enabled.
 You never genocided any monsters.
 You never polymorphed an object.
 You never changed form.
 You used no wishes.
Achievements:
 You entered a shop.
 You attained the rank of Ronin.
 You entered the Gnomish Mines.
 You attained the rank of Ninja.
 You entered Minetown.
 You entered a temple.

 The Dungeons of Doom: levels 1 to 7
    Level 1:
       A grave.
    Level 2:
       A sink.
    Level 3:
       A ring shop.
    Level 4:
       A fountain.
       Stairs down to The Gnomish Mines.
    Level 5:
       A fountain.
    Level 6:
    Level 7: <- You were here.
       Final resting place for
          you, poisoned by a rotted giant beetle corpse, while fainted from lack of food.
 The Gnomish Mines: levels 5 to 9
    Level 5:
    Level 6:
    Level 7:
    Level 8:
       Many shops, a temple and an altar, some fountains.
    Level 9: "pickaxes galore"


Vanquished creatures:
  a giant mimic
  a small mimic
  a watchman
  a giant beetle
  3 wolves
  a giant spider
  a vampire bat
  2 gnome rulers
  2 brown puddings
  2 lizards
  a dingo
  a jaguar
  a blue jelly
  a raven
  a gnome mummy
  a snake
  a wood nymph
  a water nymph
  a mountain nymph
  4 Mordor orcs
  9 Uruk-hai
 an orc shaman
  a rock piercer
  6 rock moles
  a fog cloud
  5 gnome leaders
  3 gnomish wizards
  2 kobold mummies
  4 elf zombies
  a giant ant
  4 floating eyes
  8 dwarves
  3 homunculi
  a kobold leader
  4 kobold shamans
 13 hill orcs
  4 rothes
  a centipede
  2 giant bats
  a monkey
  2 orc zombies
  a dwarf zombie
  6 giant rats
  5 cave spiders
  a yellow mold
  a green mold
 40 gnomes
  a gnome zombie
  4 geckos
 13 jackals
  3 foxes
  a kobold
  5 goblins
  2 sewer rats
 13 grid bugs
  7 bats
  6 lichens
  a kobold zombie
  4 newts
218 creatures vanquished.

No species were genocided or became extinct.

Game over:
                       ----------
                      /          \
                     /    REST    \
                    /      IN      \
                   /     PEACE      \
                  /                  \
                  |      Doran       |
                  |      920 Au      |
                  |  poisoned by a   |
                  |   rotted giant   |
                  |  beetle corpse   |
                  |                  |
                  |       2026       |
                 *|     *  *  *      | *
        _________)/\\_//(\/(/\)/\//\/|_)_______

Sayonara Doran the Samurai...

You were poisoned in The Dungeons of Doom on dungeon level 7 with 8550 points,
and 920 pieces of gold, after 8618 moves.
You were level 7 with a maximum of 65 hit points when you were poisoned.

